 Dungeon Crawl Stone Soup version 0.29.0-4-gdea44cf6ec (webtiles) character file.

Game seed: 1053330634271062538

41 qw the Sneak (level 3, -1/23 HPs)
             Began as a Gargoyle Delver on Sept 10, 2022.
             Slain by an iguana (10 damage)
             ... on level 4 of the Dungeon.
             The game lasted 00:00:06 (355 turns).

qw the Sneak (Gargoyle Delver)                       Turns: 355, Time: 00:00:06

Health: -1/23      AC: 11    Str: 17    XL:     3   Next: 52%
Magic:  3/3        EV:  7    Int: 10    God:
Gold:   6          SH:  0    Dex: 11    Spells: 2/2 levels left

rFire   . . .      SeeInvis .   a - +0 hand axe
rCold   . . .      Faith    .   (no shield)
rNeg    + . .      Spirit   .   i - +0 chain mail
rPois   inf        Reflect  .   (no helmet)
rElec   +          Harm     .   (no cloak)
rCorr   .          Rampage  .   (no gloves)
Will    .....                   (no boots)
Stlth   ..........              (no amulet)
HPRegen 0.07/turn               (no ring)
MPRegen 0.08/turn               (no ring)

@: no status effects
A: sickness immunity, AC +3, negative energy resistance 1, electricity
resistance, torment resistance 1, petrification resistance
a: no special abilities


You were on level 4 of the Dungeon.
You visited 1 branch of the dungeon, and saw 2 of its levels.

You collected 6 gold pieces.


Innate Abilities, Weirdness & Mutations

You are immune to sickness and miasma.
Your stone body is resilient. (AC +3)
You are immune to poison.
You resist negative energy. (rN+)
You are resistant to electric shocks. (rElec)
You are resistant to unholy torment.
You are immune to petrification.


   Skills:
 - Level 3.2 Fighting
 + Level 3.2 Axes
 - Level 1.0 Armour
 - Level 1.5 Dodging
 - Level 5.4 Stealth


You had 2 spell levels left.
You didn't know any spells.
Your spell library was empty.

Inventory:

Hand Weapons
 a - a +0 hand axe (weapon)
 h - a +0 whip
Armour
 i - a +0 chain mail (worn)
Wands
 g - a wand of digging (3)
Potions
 f - a potion of haste
 j - a potion of ambrosia {unknown}

Dungeon Overview and Level Annotations

Branches:
Dungeon (5/15)
 Temple: D:4-7

Altars:
Elyvilon

Shops:
D:4 (


Message History

The iguana is lightly wounded.
The iguana closely misses you.
You hit the iguana.
The iguana is moderately wounded.
The iguana bites you.
You hit the iguana but do no damage.
The iguana is moderately wounded.
The iguana barely misses you. The iguana bites you.
You closely miss the iguana.
The iguana is moderately wounded.
The iguana bites you but does no damage.
You hit the iguana.
The iguana is heavily wounded.
The iguana bites you.
You barely miss the iguana.
The iguana is heavily wounded.
The iguana bites you but does no damage.
You hit the iguana but do no damage.
The iguana is heavily wounded.
The iguana bites you but does no damage.
You hit the iguana but do no damage.
The iguana is heavily wounded.
The iguana closely misses you.
You hit the iguana.
The iguana is severely wounded.
The iguana barely misses you.
You hit the iguana but do no damage.
The iguana is severely wounded.
The iguana bites you.
You hit the iguana but do no damage.
The iguana is severely wounded.
The iguana closely misses you.
The iguana bites you but does no damage.
You hit the iguana but do no damage.
The iguana is severely wounded.
The iguana bites you.
You barely miss the iguana.
The iguana is severely wounded.
The iguana bites you!
You die...

#...>.#
#.....#
#.....#
#.....#
#.....#
..######....#
#...........#
#.....#.....#
#.... #@....#
#...}.l$....#
#....\......#
#...}.}.....#
......#.....#
......#.....#
......#.....#
......#.....#


You could see an iguana.

Vanquished Creatures
  A hound (D:5)
  An adder (D:5)
  A dart slug (D:4)
3 creatures vanquished.

Notes
Turn   | Place    | Note
-------+----------+-------------------------------------------
     0 | D:5      | qw the Gargoyle Delver began the quest for the Orb.
     0 | D:5      | Reached XP level 1. HP: 14/14 MP: 1/1
     0 | D:5      | 0 ||| qw: Version: 0.1-a-116-g5d60599
     0 | D:5      | 0 ||| qw: Game counter: 8017
     0 | D:5      | 0 ||| qw: Always use a shield: true
     0 | D:5      | 0 ||| qw: God list: Okawaru
     0 | D:5      | 0 ||| qw: Allow faded altars: false
     0 | D:5      | 0 ||| qw: Do Orc after D:15 true
     0 | D:5      | 0 ||| qw: Do second Lair branch before Depths: true
     0 | D:5      | 0 ||| qw: Lair rune preference: random
     0 | D:5      | 0 ||| qw: Plans: Normal
     0 | D:5      | 0 ||| PLANNING D:1-11
    18 | D:5      | 18 ||| Stepping ~*~*~tactically~*~*~ (hiding).
    18 | D:5      | Found a white marble altar of Elyvilon.
   128 | D:5      | Noticed a hound
   140 | D:5      | Killed a hound
   141 | D:5      | Reached skill level 3 in Axes
   141 | D:5      | Reached XP level 2. HP: 10/19 MP: 2/2
   141 | D:5      | Reached XP level 3. HP: 12/23 MP: 3/3
   296 | D:5      | 296 ||| UPGRADING to +0 chain mail.
   306 | D:5      | 306 ||| DROPPING +0 leather armour.
   307 | D:5      | 307 ||| DROPPING scroll of fog.
   308 | D:5      | 308 ||| DROPPING scroll of magic mapping.
   309 | D:5      | 309 ||| DROPPING scroll of fear.
   325 | D:5      | Reached skill level 1 in Armour
   330 | D:4      | 330 ||| PLANNING SEWER
   336 | D:4      | Found Sacapov's Weapon Boutique.
   355 | D:4      | Slain by an iguana

Levels and vault maps discovered:
D:4:      layout_gridville, minmay_temple_entry_grid, gup_sewer_entry_spiral,
          serial_shops, shop_fountains
D:5:      layout_basic, overflow_temple_1_default,
          nicolae_qazlal_style_of_elements, kennysheep_little_box,
          gup_ossuary_entry_pyramid

Skill      XL: |  1  2  3 |
---------------+----------+-----
Axes           | 3 |  3.2
Armour         | 1 |  1.0
Fighting       | |  3.2
Dodging        | |  1.5
Stealth        | |  5.4

Action                   || total
-------------------------++-------
Melee: Hand axe          ||    32
       Punch             ||     1
Armor: Leather armour    ||     3
       Chain mail        ||    13
Dodge: Dodged            ||    15

Table legend:
 A = Non-vault XP
 B = Vault XP
 C = Vault XP percentage of total XP
 D = Non-vault monster count
 E = Vault monster count
 F = Vault count percentage of total count
                 A         B        C        D         E       F
            +---------+---------+-------+---------+---------+-------
      Total |      59 |       0 |   0.0 |       3 |       0 |   0.0
            +---------+---------+-------+---------+---------+-------
        D:4 |       4 |       0 |   0.0 |       1 |       0 |   0.0
        D:5 |      55 |       0 |   0.0 |       2 |       0 |   0.0
            +---------+---------+-------+---------+---------+-------
